 Dungeon Crawl Stone Soup version 0.15.2 (webtiles) character file.

231 Heini the Covered (level 5, -2/48 HPs)
             Began as a Minotaur Fighter on Jan 25, 2015.
             Killed by divine providence
             ... invoked by an orc priest
              (17 damage)
             ... on Level 4 of the Dungeon.
             The game lasted 00:07:13 (2501 turns).

Heini the Covered (Minotaur Fighter)                Turns: 2501, Time: 00:07:14

HP  -2/48        AC  7     Str 22      XL: 5   Next: 72%
MP   2/2         EV  7     Int  5      God:
Gold 154         SH  9     Dex  9      Spells:  0 memorised,  4 levels left

rFire  . . .     SeeInvis .     a - +1 flail
rCold  . . .     Clarity  .     b - +0 scale mail
rNeg   . . .     rCorr    .     c - +0 shield
rPois  .         rRot     .     (helmet restricted)
rElec  .         Spirit   .     (no cloak)
SustAb .         Warding  .     (no gloves)
rMut   .         Stasis   .     (no boots)
Gourm  .                        w - cursed amulet of inaccuracy
MR     .....                    (no ring)
                                (no ring)

@: not resistant to hostile enchantments, extremely unstealthy
A: retaliatory headbutt, horns 2
a: no special abilities


You were on level 4 of the Dungeon.
You were not hungry.

You visited 1 branch of the dungeon, and saw 4 of its levels.

You collected 154 gold pieces.

Inventory:

Hand weapons
 a - a +1 flail (weapon)
Armour
 b - a +0 scale mail (worn)
 c - a +0 shield (worn)
 l - a +0 plate armour
 m - a +0 plate armour
 q - a +0 large shield
Magical devices
 t - a wand of frost (23)
Comestibles
 d - 6 bread rations
 j - 4 meat rations
 v - 4 fruits
Scrolls
 f - 6 scrolls of identify
 k - 2 scrolls of random uselessness {unknown}
 o - a scroll of recharging
 s - a scroll of remove curse
Jewellery
 g - a +6 ring of dexterity {unknown}
 r - an uncursed ring of protection from fire {unknown}
 w - a cursed amulet of inaccuracy (around neck)
Potions
 e - a potion of might
 h - a potion of brilliance
 i - a potion of flight
 n - a potion of cure mutation {unknown}
 p - a potion of confusion
 u - a potion of haste


   Skills:
 * Level 5.4 Fighting
 * Level 4.1 Maces & Flails
 * Level 5.8 Armour
 - Level 3.6 Shields


You had 4 spell levels left.
You didn't know any spells.

Dungeon Overview and Level Annotations

Branches:
Dungeon (4/15)
 Temple: D:4-7

Altars:
Ashenzari


Innate Abilities, Weirdness & Mutations

You reflexively headbutt those who attack you in melee.
You have a pair of horns on your head.


Message History

The giant newt bites you but does no damage.
You block the orc wizard's attack. The orc wizard closely misses you.
You sock the orc priest!
The orc priest is almost dead.
You block the orc wizard's attack. The orc priest barely misses you.
The giant newt barely misses you.
The orc wizard mumbles some strange words.
The orc wizard blinks!
The orc wizard hits you with a dagger of pain.
You hit the orc priest.
The orc priest is almost dead.
The orc wizard hits you but does no damage.
The orc priest calls down the wrath of Beogh upon you.
Something smites you! The giant newt barely misses you.
You furiously retaliate!
You headbutt the giant newt.
You kill the giant newt!
You block the rat's attack. You block the orc wizard's attack.
The orc priest mumbles some strange prayers to Beogh against you.
Something smites you!
You die...

#### ##### #..# ##...
##..# ##..## ## ##..#
##....# .# ##..#
##.....## .##
....####......)##..#
.........###....#r%##
........## ##...@%..#
(#####...# #...ooo..#
.## ##..#
#...##....... .(#
##.....### #......
..# ....# ..#?.. ..#
#... ### . ..## ...
...# ##.........


You could see an orc priest, 2 orc wizards and a rat.

Vanquished Creatures
  The ghost of Zrachosh the Vexing, an average SpEn (D:3)
  Natasha (thrice) (D:3)
  6 adders
  A giant gecko (D:2)
  6 orcs
  2 giant cockroaches (D:1)
  9 goblins
  4 hobgoblins
  6 jackals (D:1)
  7 kobolds
  A quokka (D:3)
  9 bats
  4 giant newts
  3 rats
  A rat skeleton (D:4)
63 creatures vanquished.

Notes
Turn   | Place    | Note
--------------------------------------------------------------
     0 | D:1      | Heini, the Minotaur Fighter, began the quest for the Orb.
     0 | D:1      | Reached XP level 1. HP: 19/19 MP: 1/1
   121 | D:1      | Reached skill level 4 in Fighting
   153 | D:1      | Reached XP level 2. HP: 20/27 MP: 1/1
   704 | D:2      | Found a shattered altar of Ashenzari.
   728 | D:2      | Reached XP level 3. HP: 19/34 MP: 2/2
  1438 | D:2      | Reached XP level 4. HP: 41/41 MP: 2/2
  1730 | D:3      | Noticed Natasha
  1736 | D:3      | Killed Natasha
  1787 | D:3      | Noticed Zrachosh's ghost (average SpEn)
  1858 | D:3      | Killed Zrachosh's ghost
  1858 | D:3      | Reached skill level 5 in Fighting
  1858 | D:3      | Reached skill level 5 in Armour
  1858 | D:3      | Reached XP level 5. HP: 24/48 MP: 2/2
  1999 | D:3      | Noticed Natasha
  2005 | D:3      | Killed Natasha
  2236 | D:3      | Noticed Natasha
  2243 | D:3      | Killed Natasha
  2501 | D:4      | Killed from afar by an orc priest

Action                   |  1- 3 |  4- 6 || total
-------------------------+-------+-------++-------
Melee: Flail             |   103 |    93 ||   196
  Use: Scroll            |     2 |     4 ||     6
       Potion            |       |     6 ||     6
  Eat: Chunk             |     2 |     3 ||     5
